 Dungeon Crawl Stone Soup version 0.26-a0-712-ga5a9c9c9d0 (webtiles) character file.

Game seed: 15006148016668547354

49 kae the Insei (level 3, 0/23 HPs)
             Began as an Octopode Transmuter on Nov 11, 2020.
             Slain by a scorpion (7 damage)
             ... on level 2 of the Dungeon.
             The game lasted 00:01:06 (1901 turns).

kae the Insei (Octopode Transmuter)                 Turns: 1901, Time: 00:01:07

Health: 0/23       AC:  1    Str: 10    XL:     3   Next: 77%
Magic:  0/6        EV: 13    Int: 15    God:
Gold:   65         SH:  0    Dex: 12    Spells: 3/7 levels left

rFire    . . .     SeeInvis .     - Unarmed
rCold    . . .     Faith    .   (no shield)
rNeg     . . .     Spirit   .   (helmet restricted)
rPois    .         Reflect  .   (no amulet)
rElec    .         Harm     .   (no ring)
rCorr    .         Rampage  .   (no ring)
MR       .....                  (no ring)
Stlth    ++........             (no ring)
HPRegen  0.07/turn              (no ring)
MPRegen  0.10/turn              (no ring)
                                (no ring)
                                (no ring)

@: lethally poisoned (0 -> -12), very slightly contaminated
A: almost no armour, stealthy swim, amphibious, 8 rings, constrict 8, camouflage
1, gelatinous body 1
a: no special abilities


You were on level 2 of the Dungeon.
You visited 1 branch of the dungeon, and saw 3 of its levels.

You collected 65 gold pieces.

Inventory:

Jewellery
 k - an uncursed ring of protection from magic {unknown}
Scrolls
 a - 2 scrolls of identify {unknown}
 d - a scroll of teleportation {unknown}
 f - a scroll of noise {unknown}
 h - a scroll of enchant armour {unknown}
 i - a scroll of blinking {unknown}
 j - a scroll of magic mapping {unknown}
Potions
 b - 4 potions of curing
 c - a potion of heal wounds {unknown}
 e - a potion of flight {unknown}
 g - a potion of haste {unknown}


   Skills:
 - Level 1.0 Fighting
 - Level 2.0 Dodging
 + Level 3.6 Unarmed Combat
 + Level 2.6 Spellcasting
 + Level 2.8 Transmutations


You had 3 spell levels left.
You knew the following spells:

 Your Spells              Type           Power        Failure   Level
a - Beastly Appendage     Tmut           ##....       7%          1
b - Spider Form           Tmut/Pois      #.........   34%         3

Your spell library contained the following spells:

 Spells                   Type           Power        Failure   Level
 Wereblood                Tmut           ##......     10%         2
 Ice Form                 Ice/Tmut       #.......     75%         4
 Blade Hands              Tmut           ##........   88%         5


Dungeon Overview and Level Annotations

Branches:
Dungeon (3/15)

Altars:
Qazlal


Innate Abilities, Weirdness & Mutations

You cannot wear most types of armour.
You are very stealthy in the water. (Stealth+)
You are amphibious.
You can wear up to eight rings at the same time.
You can use your tentacles to constrict eight enemies at once.
Your skin changes colour to match your surroundings (Stealth+).
Your rubbery body absorbs attacks. (AC +1, EV +1)


Message History

The orc hits you with a +0 short sword. The scorpion barely misses you.
Casting: Beastly Appendage (safe; 7% risk of failure)
Confirm with . or Enter, or press ? or * to list all spells.
The spell is extremely dangerous to cast (34% risk of failure)!
Continue anyway? [Y]es or [N]o only, please.
The spell is extremely dangerous to cast (34% risk of failure)!
Continue anyway?
You miscast Spider Form.
You are very lightly contaminated with residual magic.
Your body is twisted painfully.
The orc hits you with a +0 short sword. The scorpion stings you.
You are lethally poisoned!
The scorpion poisons you!
Casting: Spider Form (extremely dangerous; 34% risk of failure)
Confirm with . or Enter, or press ? or * to list all spells.
The spell is extremely dangerous to cast (34% risk of failure)!
Continue anyway? [Y]es or [N]o only, please.
The spell is extremely dangerous to cast (34% risk of failure)!
Continue anyway?
You miscast Spider Form.
Nothing appears to happen.
You feel sick. The orc hits you but does no damage. The scorpion stings you!
You die...

#.#.#...#.##....(...#.#
#..#.#.#..##...##...#.#
#.###.....###.###...#..
#..#.#.#.## #.###(..#..
#.#.#...## #.##....##.
#..#...######..........
###.##....[......(.....
#.##o######..#.######
#.##@s.# #..#.# #
#.####.# #..#.# # #.#
#.# #..#.# ####.# #.#
#..#.# #....# #.#
#..#.#
#.#######.####..#.# #.#
#.......##..#.# #.#
#[......##..#.#
#.###.............#


You could see a scorpion and an orc.

Vanquished Creatures
  A worm (D:2)
  A dart slug (D:1)
  A leopard gecko (D:1)
  2 ball pythons (D:1)
  4 giant cockroaches
  3 goblins
  A hobgoblin (D:1)
  11 jackals
  5 bats
  4 frilled lizards
  3 kobolds (D:1)
  3 rats
  A bush (D:1)
40 creatures vanquished.

Vanquished Creatures (others)
  8 plants (D:1)
8 creatures vanquished.

Grand Total: 48 creatures vanquished

Notes
Turn   | Place    | Note
-------+----------+-------------------------------------------
     0 | D:1      | kae the Octopode Transmuter began the quest for the Orb.
     0 | D:1      | Reached XP level 1. HP: 13/13 MP: 3/3
    65 | D:1      | Reached XP level 2. HP: 2/18 MP: 5/5
   852 | D:1      | Reached XP level 3. HP: 23/23 MP: 6/6
   857 | D:1      | Learned a level 3 spell: Spider Form
  1212 | D:2      | Noticed a water elemental
  1217 | D:2      | Found a stormy altar of Qazlal.
  1219 | D:2      | Noticed a fire elemental
  1220 | D:2      | Noticed an air elemental
  1220 | D:2      | Noticed an earth elemental
  1891 | D:3      | Noticed a scorpion
  1901 | D:2      | Slain by a scorpion

Illustrated notes

Levels and vault maps discovered:
D:1:      lemuel_arrival_broad_hall, layout_basic, serial_forest,
          infiniplex_forest_clump_curved, infiniplex_forest_straight_5,
          infiniplex_forest_straight_2, infiniplex_forest_clump_large
D:2:      layout_loops_ring, nicolae_qazlal_style_of_elements
D:3:      layout_rooms, kennysheep_vampire_church, overflow_temple_1_default,
          chequers_ecumenical_altar_simple, grunt_decor_mini_mirrors,
          corexii_item_surrounded_by_moat, uniq_terence

Action                   || total
-------------------------++-------
Melee: Unarmed           ||   238
       Constrict         ||    22
       Tentacles         ||    44
       Kick              ||    18
       Punch             ||     5
 Cast: Beastly Appendage ||    18
  Use: Potion            ||     1
 Stab: Sleeping          ||     7
Armor: Skin              ||    15
Dodge: Dodged            ||    42

Table legend: (Time is in decaauts)
 A = Elapsed time spent in this place.
 B = Non-inter-level travel time spent in this place.
 C = Inter-level travel time spent in this place.
 D = Time resting spent in this place.
 E = Time spent auto-exploring this place.
 F = Levels seen in this place.
 G = Mean time per level.
                   A        B        C        D        E       F      G
               +--------+--------+--------+--------+--------+-----+--------+
         Total |   1886 |   1856 |     30 |      5 |   1470 |   3 |  628.7 |
       Dungeon |   1886 |   1856 |     30 |      5 |   1470 |   3 |  628.7 |
               +--------+--------+--------+--------+--------+-----+--------+

Top non-repeatable levels by time:
     D:1: 1061 daAuts
     D:2: 816 daAuts
     D:3: 8 daAuts
